 Dungeon Crawl Stone Soup version 0.28-a0-425-gd0eccab798 (webtiles) character file.

Game seed: 5440396878603015699

2538 heikuro the Carver (level 9, -4/69 (78) HPs)
             Began as a Formicid Fighter on Sept 9, 2021.
             Was a Believer of Okawaru.
             Killed from afar by Maggie (15 damage)
             ... with a bolt of fire
             ... on level 7 of the Dungeon.
             The game lasted 00:16:44 (9134 turns).

heikuro the Carver (Formicid Fighter)               Turns: 9134, Time: 00:16:45

HP:   -4/69 (78)    AC: 10    Str: 28    XL:     9   Next: 85%
MP:   12/12         EV:  8    Int:  8    God:    Okawaru [**....]
Gold: 298           SH: 10    Dex: 14    Spells: 8/8 levels left

rFire   . . .      SeeInvis +   a - +0 long sword
rCold   . . .      Faith    .   c - +0 buckler
rNeg    . . .      Spirit   .   x - +0 chain mail
rPois   .          Reflect  +   (helmet unavailable)
rElec   .          Harm     .   (no cloak)
rCorr   .          Rampage  .   (no gloves)
Will    .....      Clarity  +   (no boots)
Stlth   ..........              s - amulet of reflection
HPRegen 0.21/turn               p - +6 ring of strength
MPRegen 0.13/turn               w - ring of flight

@: flying, heavily drained, unable to read
A: permanent stasis, dig shafts and tunnels, antennae 3, four strong arms, agile
1, clarity, robust 1, inability to read while threatened
a: Dig, Shaft Self, Renounce Religion, Heroism


You were on level 7 of the Dungeon.
You worshipped Okawaru.
Okawaru was pleased with you.
You visited 2 branches of the dungeon, and saw 8 of its levels.
You also visited: Sewer.

You collected 298 gold pieces.

Inventory:

Hand Weapons
 a - a +0 long sword (weapon)
 b - a +0 dagger of draining
Missiles
 v - 23 poisoned darts (quivered)
Armour
 c - a +0 buckler (worn)
 x - a +0 chain mail (worn)
Jewellery
 p - a +6 ring of strength (left hand)
 s - an amulet of reflection (around neck)
 w - a ring of flight (right hand)
Wands
 q - a wand of polymorph (8)
Scrolls
 f - a scroll of noise {unknown}
 g - a scroll of fear {unknown}
 h - a scroll of identify
 m - a scroll of vulnerability {unknown}
 n - a scroll of acquirement {unknown}
 o - a scroll of blinking {unknown}
 r - 3 scrolls of amnesia
 t - 2 scrolls of fog {unknown}
 y - a scroll of summoning {unknown}
Potions
 d - a potion of might
 e - a potion of ambrosia
 i - 4 potions of curing
 j - 2 potions of flight
 k - 2 potions of brilliance
 l - 3 potions of resistance
 u - a potion of invisibility


   Skills:
 + Level 6.8 Fighting
 * Level 8.0 Long Blades
 + Level 6.7 Armour
 - Level 3.6 Shields
 + Level 4.6 Invocations
 + Level 5.2 Evocations


You had 8 spell levels left.
You didn't know any spells.
Your spell library contained the following spells:

 Spells                   Type           Power      Damage    Failure   Level
 Conjure Flame            Conj/Fire      0%         6-21      99%         3
 Ignite Poison            Fire/Tmut/Pois 0%         N/A       99%         3
 Sticky Flame             Conj/Fire      0%         2d3       100%        4
 Conjure Ball Lightning   Conj/Air       0%         3x3d6     100%        6
 Discord                  Hex            0%         N/A       100%        8
 Disjunction              Tloc           0%         N/A       100%        8


Dungeon Overview and Level Annotations

Branches:
Dungeon (7/15)             Temple (1/1) D:5           Sewer (visited)

Altars:
Ashenzari
Dithmenos
Elyvilon
Hepliaklqana
Makhleb
Nemelex Xobeh
Okawaru
Qazlal
Sif Muna
Trog
Uskayaw
Vehumet
Xom
Yredelemnul
Zin
The Shining One

Shops:
D:2 *?*

Annotations:
D:3 1 runed translucent door, Crazy Yiuf
D:7 Maggie


Innate Abilities, Weirdness & Mutations

You cannot be hasted, slowed, berserked, paralysed or teleported.
You can dig through walls and to a lower floor.
You have a pair of large antennae on your head. (SInv)
Your four strong arms can wield two-handed weapons with a shield.
You are agile. (Dex +2)
You possess an exceptional clarity of mind.
You are robust. (+10% HP)
You sometimes lose the ability to read scrolls when taking damage.


Message History

You closely miss Maggie.
Maggie is lightly wounded.
Maggie hits you with a +1 broad axe of draining.
You feel drained.
Your chain mail prevents you from hitting Maggie.
Maggie is lightly wounded.
You hit Maggie but do no damage. You drain Maggie.
Maggie is lightly wounded.
You block Maggie's attack.
You closely miss Maggie.
Maggie is lightly wounded.
Maggie casts a spell at you. The bolt of fire hits you!!
Unknown command.
a - a +0 long sword (weapon)
You slash Maggie!
Maggie is moderately wounded.
Maggie hits you but does no damage.
You feel drained.
You barely miss Maggie.
Maggie is moderately wounded.
You block Maggie's attack.
You slash Maggie!
Maggie is heavily wounded.
Maggie hits you with a +1 broad axe of draining.
You feel drained.
You slash Maggie!
Maggie is heavily wounded.
Maggie gestures at you while chanting. The bolt of fire hits you!!
You feel threatened and lose the ability to read scrolls!
You slash Maggie!
Maggie is severely wounded.
Maggie points at you and mumbles some strange words.
The bolt of fire hits you!
* * * LOW HITPOINT WARNING * * *
You slash Maggie!
Maggie is severely wounded.
Maggie casts a spell at you. The bolt of fire hits you!
You die...

#.##. #.#..
#.#.. #.#..
#.#>. ..#..
###########
####..
..........#
#..... ≈.#
.######.#@#
####.. ≈.#
#.#@# #..
≈.# #.#..
#.. ..#
#.#### #..
.. #.# ##.
# #.# #. #
##.### ##
##....# #
##...###


You could see Maggie (drained).

Vanquished Creatures
  Sigmund (D:5)
  2 sky beasts
  2 ice beasts (D:6)
  A centaur (D:7)
  3 ogres
  A phantom (D:5)
  A kobold brigand (D:7)
  Blork the orc (D:6)
  4 bullfrogs
  A wyvern zombie (D:5)
  A scorpion (D:7)
  A wyvern skeleton (D:5)
  A killer bee (D:7)
  A wight (D:7)
  3 howler monkeys (D:7)
  A bullfrog zombie (D:5)
  An orc priest (D:7)
  A centaur zombie (D:6)
  2 jellies
  4 hounds
  2 centaur skeletons
  Ijyb (D:3)
  7 iguanas
  Robin (D:3)
  9 adders
  8 gnolls
  A howler monkey skeleton (D:5)
  2 river rats (D:6)
  A white imp (D:7)
  2 adder skeletons (D:4)
  An orc (D:5)
  9 ball pythons
  5 bats
  4 endoplasms
  14 giant cockroaches
  13 hobgoblins
  9 kobolds
  4 quokkas
  6 frilled lizards
  19 goblins
  6 rats
157 creatures vanquished.

Vanquished Creatures (others)
  15 plants
15 creatures vanquished.

Grand Total: 172 creatures vanquished

Notes
Turn   | Place    | Note
-------+----------+-------------------------------------------
     0 | D:1      | heikuro the Formicid Fighter began the quest for the Orb.
     0 | D:1      | Reached XP level 1. HP: 18/18 MP: 1/1
   152 | D:1      | Reached XP level 2. HP: 24/24 MP: 2/2
   442 | D:1      | Reached XP level 3. HP: 29/29 MP: 3/3
   801 | D:1      | Found a faded altar of an unknown god.
  1001 | D:2      | You fall into a shaft and drop 1 floor!
  1072 | D:2      | Found Luskobax's Magic Scroll Shoppe.
  1132 | D:2      | Reached skill level 3 in Long Blades
  1149 | D:2      | Found Zutaxext's Assorted Antiques.
  1188 | D:2      | Reached XP level 4. HP: 28/37 MP: 4/4
  1725 | D:2      | Found Nirav's General Store.
  1757 | D:3      | Found a white marble altar of Elyvilon.
  1794 | D:3      | Noticed Ijyb
  1818 | D:3      | Killed Ijyb
  1844 | D:3      | Reached XP level 5. HP: 28/42 MP: 5/5
  2254 | D:3      | Found a shadowy altar of Dithmenos.
  2359 | D:3      | Noticed Robin
  2408 | D:3      | Killed Robin
  2409 | D:3      | Reached skill level 4 in Long Blades
  2572 | D:3      | Reached skill level 1 in Evocations
  3169 | D:3      | Found a runed translucent door.
  3170 | D:3      | Noticed Crazy Yiuf
  3469 | D:4      | Reached XP level 6. HP: 35/49 MP: 6/6
  3684 | D:4      | Noticed an ogre
  3697 | D:4      | Killed an ogre
  4067 | D:4      | Reached XP level 7. HP: 23/55 MP: 7/7
  4549 | D:5      | Entered Level 5 of the Dungeon
  4581 | D:5      | Reached skill level 5 in Long Blades
  4780 | D:5      | Reached skill level 5 in Fighting
  4923 | D:5      | Reached skill level 5 in Armour
  4923 | D:5      | Found a staircase to the Ecumenical Temple.
  4935 | Temple   | Entered the Ecumenical Temple
  5008 | Temple   | Became a worshipper of Warmaster Okawaru
  5330 | D:5      | Noticed Sigmund
  5346 | D:5      | Killed Sigmund
  5347 | D:5      | Reached skill level 1 in Invocations
  5347 | D:5      | Reached XP level 8. HP: 37/62 MP: 7/9
  5955 | D:5      | Reached skill level 6 in Long Blades
  6339 | D:6      | Found a hazy altar of Hepliaklqana.
  6345 | D:6      | Noticed Blork the orc
  6407 | D:6      | Reached * piety under Okawaru
  6558 | D:6      | Reached XP level 9. HP: 54/69 MP: 11/11
  6567 | D:6      | Reached skill level 7 in Long Blades
  6605 | D:6      | Found a glowing drain.
  6627 | Sewer    | Entered a sewer
  7363 | D:6      | Reached ** piety under Okawaru
  7371 | D:6      | Killed Blork the orc
  7943 | D:6      | Upgraded the game from 0.28-a0-422-gd71735cc25 to
                  | 0.28-a0-425-gd0eccab798
  8069 | D:7      | Gained mutation: You possess an exceptional clarity of
                  | mind. [potion of mutation]
  8069 | D:7      | Gained mutation: Armour fits poorly on your strangely
                  | shaped body. [potion of mutation]
  8069 | D:7      | Gained mutation: Your body sometimes deteriorates upon
                  | taking damage. [potion of mutation]
  8069 | D:7      | Gained mutation: You are agile. (Dex +2) [potion of
                  | mutation]
  8070 | D:7      | Lost mutation: Your body sometimes deteriorates upon taking
                  | damage. [potion of mutation]
  8070 | D:7      | Gained mutation: You sometimes lose the ability to read
                  | scrolls when taking damage. [potion of mutation]
  8070 | D:7      | Lost mutation: Armour fits poorly on your strangely shaped
                  | body. [potion of mutation]
  8070 | D:7      | Gained mutation: You are robust. (+10% HP) [potion of
                  | mutation]
  8555 | D:7      | Reached skill level 5 in Evocations
  8890 | D:7      | Reached skill level 8 in Long Blades
  9116 | D:7      | Noticed Maggie
  9134 | D:7      | Killed from afar by Maggie

Illustrated notes

Levels and vault maps discovered:
D:1:      heliophobic_arrival_ceremonial_halls, layout_loops_ring,
          shapermc_ecumenical_altar_hornbeckon
D:2:      layout_rooms, serial_shops, nicolae_square_shop, shop,
          nicolae_shop_statue_plus, kennysheep_generic_room_12
D:3:      layout_loops_ring, mainiacjoe_overflow_chevrons,
          mainiacjoe_overflow_tiny_flanked, uniq_robin, uniq_ijyb,
          uniq_crazy_yiuf_cottage
D:4:      layout_cave_pods
D:5:      layout_loops_ring, minmay_temple_entry_gardened_gates,
          grunt_decor_arrowhead, uniq_sigmund
D:6:      layout_cave_pools, nicolae_overflow_hidden_temple,
          gup_sewer_entry_bubbles, uniq_blork_the_orc
D:7:      layout_loops_ring, minmay_overflow_temple_star_quad,
          serial_bayou_pond_b, uniq_maggie
Temple:   dshaligram_water_room_temple

Skill      XL: |  1  2  3  4  5  6  7  8  9 |
---------------+----------------------------+-----
Long Blades    | 3 4 5 6 8 |  8.0
Fighting       | 4 5 6 |  6.8
Armour         | 4 5 6 |  6.7
Evocations     | 1 2 3 4 5 |  5.2
Invocations    | 1 3 4 |  4.6
Shields        | |  3.6

Action                   |  1- 3 |  4- 6 |  7- 9 || total
-------------------------+-------+-------+-------++-------
Melee: Long sword        |    81 |       |   209 ||   290
       Dagger            |    17 |   248 |   303 ||   568
Throw: Dart              |       |     5 |     5 ||    10
Invok: Heroism           |       |       |     1 ||     1
 Abil: Dig               |       |       |     3 ||     3
  Use: Scroll            |     2 |     5 |     3 ||    10
       Potion            |       |       |     2 ||     2
Armor: Scale mail        |    54 |    63 |    98 ||   215
       Chain mail        |       |       |    30 ||    30
Dodge: Dodged            |    40 |    81 |   157 ||   278
Block: Buckler           |    22 |    94 |   213 ||   329
       Reflection        |       |     4 |     2 ||     6

Table legend: (Time is in decaauts)
 A = Elapsed time spent in this place.
 B = Non-inter-level travel time spent in this place.
 C = Inter-level travel time spent in this place.
 D = Time resting spent in this place.
 E = Time spent auto-exploring this place.
 F = Levels seen in this place.
 G = Mean time per level.
                   A        B        C        D        E       F      G
               +--------+--------+--------+--------+--------+-----+--------+
         Total |   9175 |   8807 |    368 |   2757 |   3469 |   9 | 1019.4 |
       Dungeon |   8181 |   7832 |    349 |   2375 |   3234 |   7 | 1168.7 |
        Temple |    354 |    335 |     19 |    258 |     60 |   1 |  354.0 |
         Sewer |    639 |    639 |      0 |    124 |    174 |   1 |  639.0 |
               +--------+--------+--------+--------+--------+-----+--------+

Top non-repeatable levels by time:
     D:5: 1383 daAuts
     D:4: 1252 daAuts
     D:3: 1230 daAuts
     D:7: 1217 daAuts
     D:2: 1067 daAuts
     D:6: 1029 daAuts
     D:1: 1000 daAuts
   Sewer: 639 daAuts
  Temple: 354 daAuts
